 Dungeon Crawl Stone Soup version 0.21-b1-21-g86478ac299 (webtiles) character file.

149 BrokenGlass the Ruffian (level 5, 0/36 HPs)
             Began as an Octopode Fighter on Jan 5, 2018.
             Slain by an adder (4 damage)
             ... on level 3 of the Dungeon.
             The game lasted 00:02:17 (2806 turns).

BrokenGlass the Ruffian (Octopode Fighter)          Turns: 2806, Time: 00:02:18

Health: 0/36       AC:  1    Str: 16    XL:     5   Next: 31%
Magic:  5/5        EV: 14    Int: 15    God:
Gold:   100        SH:  0    Dex: 12    Spells: 4/4 levels left

rFire    . . .     SeeInvis .     - Unarmed
rCold    . . .     Gourm    .   (no shield)
rNeg     . . .     Faith    .   (helmet restricted)
rPois    .         Spirit   .   (no amulet)
rElec    .         Reflect  .   (no ring)
rCorr    .         Harm     .   (no ring)
MR       .....                  (no ring)
Stlth    ++........             (no ring)
HPRegen  0.12/turn              (no ring)
MPRegen  0.09/turn              (no ring)
                                (no ring)
                                (no ring)

@: brilliant, lethally poisoned (0 -> -6), hasted, very quick
A: almost no armour, stealthy swim, amphibious, 8 rings, constrict 8, camouflage
1, gelatinous body 1
a: no special abilities


You were on level 3 of the Dungeon.
You were hungry.

You visited 1 branch of the dungeon, and saw 3 of its levels.

You collected 100 gold pieces.

Inventory:

Armour
 a - a +0 shield
Wands
 j - a wand of polymorph (12)
Scrolls
 d - 2 scrolls of amnesia {unknown}
 f - a scroll of immolation {unknown}
 g - a scroll of identify {unknown}
 h - a scroll of enchant armour {unknown}
 k - a scroll of blinking {unknown}
 m - a scroll of fear {unknown}
 n - 3 scrolls of teleportation {unknown}
 o - a scroll of remove curse {unknown}
 p - a scroll of enchant weapon {unknown}
 r - a scroll of noise {unknown}
Potions
 b - a potion of might
 e - a potion of flight {unknown}
 l - a potion of curing {unknown}
Comestibles
 c - 8 rations


   Skills:
 - Level 3.0 Fighting
 - Level 3.0 Dodging
 - Level 3.0 Shields
 + Level 5.3 Unarmed Combat


You had 4 spell levels left.
You didn't know any spells.

Dungeon Overview and Level Annotations

Branches:
Dungeon (3/15)

Altars:
Gozag
Nemelex Xobeh


Innate Abilities, Weirdness & Mutations

You cannot wear most types of armour.
You are very stealthy in the water. (Stealth+)
You are amphibious.
You can wear up to eight rings at the same time.
You can use your tentacles to constrict eight enemies at once.
Your skin changes colour to match your surroundings (Stealth+).
Your rubbery body absorbs attacks. (AC +1, EV +1)


Message History

You constrict the orc.
You kill the orc!
You feel sick.
Unknown command.
You tentacle-slap the adder but do no damage.
Your grab misses the adder. Your squeeze misses the adder.
You feel sick. The adder closely misses you.
Unknown command.
You closely miss the adder. Your grab misses the adder.
You feel sick. The adder bites you.
* * * LOW HITPOINT WARNING * * *
Unknown command.
It was a potion of haste.
You feel yourself speed up. The adder misses you. The adder barely misses you.
Unknown command.
It was a potion of brilliance.
You feel clever all of a sudden.
* * * LOW HITPOINT WARNING * * *
You feel sick. The adder bites you.
You die...

# ##..#...####
.......
###...#.# ..#
.....>. ##..#...
#†# ......
#.....# #.###...
..#.#.# #..##.#
......# ##.)..#
....#.# ##.).#
.####.## ##.#S#
..# #..##
##..#@# #.#
#...# #..##...#
#.#
#.#.####.#####.#
)# #.#...##.# .#
.. ..###.##.# .
..... #.##.# ..
#... #.##.# ..
... #....# ...
##..##


You could see an adder.

Vanquished Creatures
  An orc wizard (D:3)
  Robin (D:2)
  2 adders (D:2)
  An ooze (D:2)
  4 worms
  2 dart slugs (D:2)
  2 leopard geckos
  4 orcs (D:3)
  4 giant cockroaches
  10 goblins
  5 hobgoblins
  6 jackals (D:2)
  6 kobolds
  A quokka (D:2)
  A ball python (D:1)
  7 bats
  7 frilled lizards
  5 rats
69 creatures vanquished.

Notes
Turn   | Place    | Note
-------+----------+-------------------------------------------
     0 | D:1      | BrokenGlass the Octopode Fighter began the quest for the Orb.
     0 | D:1      | Reached XP level 1. HP: 16/16 MP: 1/1
   137 | D:1      | Found a sparkling altar of Nemelex Xobeh.
   358 | D:1      | Reached XP level 2. HP: 20/21 MP: 2/2
   827 | D:1      | Reached skill level 3 in Unarmed Combat
  1129 | D:2      | Reached XP level 3. HP: 15/26 MP: 3/3
  1183 | D:2      | Noticed Robin
  1442 | D:2      | Killed Robin
  1442 | D:2      | Reached skill level 4 in Unarmed Combat
  1673 | D:2      | Reached XP level 4. HP: 31/31 MP: 4/4
  2678 | D:3      | Found an opulent altar of Gozag.
  2713 | D:3      | Reached skill level 5 in Unarmed Combat
  2764 | D:3      | Reached XP level 5. HP: 28/36 MP: 5/5
  2806 | D:3      | Slain by an adder

Skill      XL: |  1  2  3  4 |
---------------+-------------+-----
Unarmed Combat | 3 4 5 |  5.3
Fighting       | |  3.0
Dodging        | |  3.0
Shields        | |  3.0

Action                   |  1- 3 |  4- 6 || total
-------------------------+-------+-------++-------
Melee: Unarmed           |    71 |    93 ||   164
       Constrict         |    22 |    27 ||    49
       Tentacles         |     4 |    16 ||    20
       Punch             |     1 |     5 ||     6
  Use: Potion            |       |     2 ||     2
 Stab: Sleeping          |     5 |     4 ||     9
       Distracted        |     1 |     1 ||     2
  Eat: Chunk             |     2 |     3 ||     5
Armor: Skin              |     8 |     4 ||    12
Dodge: Dodged            |    46 |    54 ||   100
